AoeStats
← Cana

Arabia

508333454Analyzed
1v1 RM · 9d ago on Sep 22, 2026· 29m 17s· 2 players
Game mode
Random Map
Map size
Tiny (2 player)
Population
200
Speed
Normal
Resources
Standard
Victory
Conquest
Starting age
Dark Age
Ending age
Imperial Age
RankedLock teamsTeams togetherTeam positionsShared explorationLock speedFull tech treeHidden civsTurbo modeCheats
Victory
Defeat
🇻🇪 Japanese · Venezuela
1523
+17
🇧🇷 Mongols · Brazil
1535
-17
Lord Gio
8:06 Loom
8:12 Loom
12:24 Feudal Age
15:47 Castle Age
24:42 Wheelbarrow
Cana
5:00 Loom
9:06 Feudal Age
9:59 Double-Bit Axe
12:38 Town Watch
13:10 Fletching
18:56 Castle Age
17:26 Horse Collar
18:15 Gold Mining
19:13 Crossbowman
Connection lost

Rejoining the realm…

Still unreachable

The connection could not be restored.

Session expired

The server has moved on; the page needs a fresh start.